 Dungeon Crawl Stone Soup version 0.27-b1-42-g19c61b19a5 (webtiles) character file.

Game seed: 3511192843275066049

987 ZARRMARR the Stinger (level 8, -13/54 HPs)
             Began as a Merfolk Venom Mage on July 29, 2021.
             Was an Initiate of Ru.
             Mangled by an ogre (36 damage)
             ... on level 5 of the Dungeon.
             The game lasted 00:45:05 (6985 turns).

ZARRMARR the Stinger (Merfolk Venom Mage)           Turns: 6985, Time: 00:45:06

Health: -13/54     AC:  4    Str:  8    XL:     8   Next: 18%
Magic:  14/14      EV: 13    Int: 16    God:    Ru [......]
Gold:   1051       SH:  0    Dex: 15    Spells: 14/15 levels left

rFire    . . .     SeeInvis .   q - +2 scythe (vorpal)
rCold    . . .     Faith    .   (shield currently unavailable)
rNeg     . . .     Spirit   .   a - +0 robe
rPois    .         Reflect  .   i - +0 helmet
rElec    .         Harm     .   s - +0 cloak
rCorr    .         Rampage  .   (no gloves)
Will     .....                  (no boots)
Stlth    ++........             (no amulet)
HPRegen  0.18/turn              (no ring)
MPRegen  0.14/turn              (no ring)

@: no status effects
A: (nimble swimmer 2), mertail
a: Renounce Religion


You were on level 5 of the Dungeon.
You worshipped Ru.
Ru was noncommittal.
You visited 1 branch of the dungeon, and saw 5 of its levels.

You collected 1051 gold pieces.

Inventory:

Hand Weapons
 k - a +1 dagger of venom
 l - a +0 spear
 p - a +0 dagger of draining
 q - a +2 vorpal scythe (weapon)
Missiles
 c - 161 stones
 d - 8 boomerangs (quivered)
 r - 10 poisoned darts
Armour
 a - a +0 robe (worn)
 i - a +0 helmet (worn)
 s - a +0 cloak (worn)
Jewellery
 A - a ring of ice
Scrolls
 h - a scroll of brand weapon
 j - 4 scrolls of fog
 m - a scroll of amnesia
 n - a scroll of teleportation
 o - a scroll of enchant armour
 u - a scroll of noise
 v - a scroll of magic mapping {unknown}
 x - a scroll of silence
 y - a scroll of identify
Potions
 b - 2 potions of might
 e - a potion of curing
 f - a potion of ambrosia {unknown}
 g - a potion of heal wounds {unknown}
 t - a potion of lignification {unknown}
 w - a potion of brilliance {unknown}
 z - 2 potions of resistance {unknown}
 B - a potion of berserk rage {unknown}
 C - a potion of haste {unknown}


   Skills:
 + Level 1.3 Fighting
 + Level 4.9 Polearms
 + Level 3.5 Throwing
 + Level 4.0 Dodging
 + Level 2.5 Stealth
 + Level 4.2 Spellcasting
 + Level 4.1 Transmutations
 * Level 5.9 Poison Magic


You had 14 spell levels left.
You knew the following spells:

 Your Spells              Type           Power      Damage    Failure   Level
a - Sting                 Tmut/Pois      76%        1d6       1%          1

Your spell library contained the following spells:

 Spells                   Type           Power      Damage    Failure   Level
 Poisonous Vapours        Pois/Air       24%        N/A       8%          2
 Olgreb's Toxic Radiance  Pois           22%        N/A       14%         4
 Animate Skeleton         Necr           6%         N/A       17%         1
 Apportation              Tloc           6%         N/A       17%         1
 Corona                   Hex            3%         N/A       17%         1
 Summon Small Mammal      Summ           12%        N/A       17%         1
 Mephitic Cloud           Conj/Pois/Air  9%         N/A       22%         3
 Call Canine Familiar     Summ           3%         N/A       45%         3
 Portal Projectile        Hex/Tloc       6%         N/A       45%         3
 Leda's Liquefaction      Hex/Erth       1%         N/A       86%         4


Dungeon Overview and Level Annotations

Branches:
Dungeon (5/15)             Temple (0/1) D:4

Altars:
Ashenzari
Cheibriados
Fedhas
Gozag
Ru
Zin
The Shining One

Shops:
D:5 !


Innate Abilities, Weirdness & Mutations

((You are quick and stealthy near water. (Stealth+, EV+, Speed+++)))
Your lower body shifts to a powerful aquatic tail in water.


Message History

Aim: an ogre, wielding a +0 giant spiked club (74% to hit)
You throw a boomerang. The boomerang hits the ogre.
The ogre is moderately wounded.
Casting: Sting (safe; 1% risk of failure)
Confirm with . or Enter, or press ? or * to list all spells.
Aiming: Sting (safe; 1% risk of failure)
Press: ? - help, Shift-Dir - straight line, f/p - ogre
Aim: an ogre, wielding a +0 giant spiked club (moderately wounded, 88% to hit)
The sting hits the ogre.
The ogre is poisoned.
The ogre is moderately wounded.
Reach: q) +2 scythe (vorpal)
Press: ? - help, Dir - move target, f/p - ogre
Aim: an ogre, wielding a +0 giant spiked club (moderately wounded, poisoned, about 29% to evade your +2 vorpal scythe)
You reach to attack!
You hit the ogre.
The ogre is heavily wounded.
The ogre barely misses you.
You completely miss the ogre.
The ogre is heavily wounded.
The ogre closely misses you.
You barely miss the ogre.
The ogre is heavily wounded.
The ogre looks more healthy.
The ogre closely misses you.
The ogre hits you with a +0 giant spiked club!!
Casting: Sting (safe; 1% risk of failure)
Confirm with . or Enter, or press ? or * to list all spells.
Aiming: Sting (safe; 1% risk of failure)
Press: ? - help, Shift-Dir - straight line, f/p - ogre
Aim: an ogre, wielding a +0 giant spiked club (heavily wounded, 88% to hit)
The sting hits the ogre.
The ogre is poisoned.
The ogre is severely wounded.
The ogre looks more healthy.
You barely miss the ogre.
The ogre is almost dead.
The ogre misses you.
The ogre hits you with a +0 giant spiked club!
You barely miss the ogre.
The ogre is almost dead.
The ogre hits you with a +0 giant spiked club!!!
Ouch! That really hurt!
You die...

##..## ##.###.####.....###
###..## ####..#
#......###...# #...## #....##
###.##.#####.. ..###
#.#########........... ###
#.#...................
#.....................
#.............[.......
#######.....................
#.........O@................
#..#####....................)
#..# #................[....
...# ##........##..........
..... #..........###########
.... #(.........# # ...
#............# # ...
....#..........# #
#####..........# #


You could see an ogre.

Vanquished Creatures
  Sigmund (D:4)
  3 ogres
  A kobold brigand (D:4)
  Blork the orc (D:4)
  A water moccasin zombie (D:5)
  A jelly (D:4)
  2 hounds (D:5)
  An orc wizard (D:5)
  2 scorpion zombies (D:5)
  4 gnolls (D:5)
  8 adders
  A white imp (D:5)
  2 ufetubi (D:5)
  A worm (D:3)
  3 dart slugs
  11 orcs
  7 endoplasms
  4 giant cockroaches
  13 goblins
  6 hobgoblins
  5 jackals
  3 kobolds
  4 quokkas
  4 ball pythons
  5 bats
  6 frilled lizards
  3 rats
103 creatures vanquished.

Notes
Turn   | Place    | Note
-------+----------+-------------------------------------------
     0 | D:1      | ZARRMARR the Merfolk Venom Mage began the quest for the
                  | Orb.
     0 | D:1      | Reached XP level 1. HP: 13/13 MP: 3/3
   419 | D:1      | Reached XP level 2. HP: 19/19 MP: 3/5
  1134 | D:1      | Reached XP level 3. HP: 24/24 MP: 3/6
  1531 | D:1      | Identified a scroll of acquirement
  1539 | D:2      | Acquired 796 gold pieces
  1712 | D:2      | Reached skill level 1 in Throwing
  2515 | D:3      | Found a snail-covered altar of Cheibriados.
  2575 | D:3      | Reached XP level 4. HP: 27/30 MP: 2/8
  2658 | D:3      | Found a blossoming altar of Fedhas.
  2982 | D:3      | Found a broken altar of Ashenzari.
  3171 | D:3      | Noticed an ogre
  3420 | D:3      | Killed an ogre
  3421 | D:3      | Reached skill level 4 in Poison Magic
  3421 | D:3      | Reached XP level 5. HP: 35/35 MP: 5/9
  3663 | D:4      | Noticed an ogre
  3684 | D:4      | Killed an ogre
  3685 | D:4      | Reached XP level 6. HP: 12/41 MP: 8/11
  3935 | D:4      | Noticed Sigmund
  3968 | D:4      | HP: 1/41 [Sigmund/puff of flame (7)]
  3969 | D:4      | Killed Sigmund
  3970 | D:4      | Reached skill level 1 in Polearms
  3970 | D:4      | Reached skill level 5 in Poison Magic
  4355 | D:4      | Found a staircase to the Ecumenical Temple.
  4435 | D:4      | Reached XP level 7. HP: 47/47 MP: 12/12
  5289 | D:4      | Noticed Blork the orc
  5301 | D:4      | Killed Blork the orc
  5302 | D:4      | Reached skill level 1 in Fighting
  5635 | D:4      | Found an opulent altar of Gozag.
  5635 | D:4      | Found a faded altar of an unknown god.
  5641 | D:4      | Found a sacrificial altar of Ru.
  5645 | D:4      | Found a glowing silver altar of Zin.
  5647 | D:4      | Found a glowing golden altar of the Shining One.
  5651 | D:4      | Became a worshipper of Ru the Awakened
  5765 | D:5      | Entered Level 5 of the Dungeon
  6247 | D:5      | Reached XP level 8. HP: 38/54 MP: 12/14
  6924 | D:5      | Found Cisecie's Distillery.
  6985 | D:5      | Mangled by an ogre

Illustrated notes

Levels and vault maps discovered:
D:1:      dpeg_arrival_circle_labyrinth_c, layout_basic
D:2:      layout_basic, st_stairs_2, eino_tiny_chamber,
          kennysheep_generic_room_10
D:3:      layout_basic, overflow_temple_1_default,
          mainiacjoe_overflow_boulevard, slow_altar_1, minmay_ogre_servants
D:4:      layout_basic, chequers_temple_overflow_minitemple,
          minmay_temple_entry_from_below_a, minmay_pentangle, uniq_sigmund,
          uniq_blork_the_orc
D:5:      layout_rooms, nemelex_dance_club_becter, serial_shops,
          nicolae_shop_waterfront

Skill      XL: |  1  2  3  4  5  6  7  8 |
---------------+-------------------------+-----
Throwing       | 2 3 |  3.5
Dodging        | 3 4 |  4.0
Transmutations | 2 3 4 |  4.1
Spellcasting   | 3 4 |  4.2
Poison Magic   | 4 5 |  5.9
Polearms       | 1 4 |  4.9
Fighting       | 1 |  1.3
Stealth        | |  2.5

Action                   |  1- 3 |  4- 6 |  7- 9 || total
-------------------------+-------+-------+-------++-------
Melee: Spear             |    11 |    18 |       ||    29
       Scythe            |       |     2 |   104 ||   106
Throw: Boomerang         |    51 |    39 |    63 ||   153
 Cast: Sting             |    56 |    48 |    28 ||   132
  Use: Scroll            |     4 |     5 |     3 ||    12
Armor: Robe              |     5 |    14 |    26 ||    45
Dodge: Dodged            |    23 |    36 |   100 ||   159
